 Dungeon Crawl Stone Soup version 0.17-a0-1741-gd5e8965 (webtiles) character file.

73 kosy22 the Covered (level 3, -6/30 HPs)
             Began as a Demigod Fighter on Aug 31, 2015.
             Killed by nerve-wracking pain
             ... invoked by an orc priest
              (11 damage)
             ... on level 3 of the Dungeon.
             The game lasted 00:07:00 (2271 turns).

kosy22 the Covered (Demigod Fighter)                Turns: 2271, Time: 00:07:00

Health: -6/30      AC: 14    Str: 21    XL:     3   Next: 83%
Magic:  5/5        EV:  4    Int: 12    God:
Gold:   131        SH:  9    Dex: 15    Spells: 0 memorised, 2 levels left

rFire  + . .     SeeInvis .     v - +0 trident
rCold  . . .     Clarity  .     l - +2 plate armour {rF+}
rNeg   . . .     SustAt   +     c - +0 shield
rPois  .         Gourm    .     s - +0 helmet
rElec  .         Spirit   .     (no cloak)
rCorr  .         Warding  .     (no gloves)
rMut   .         Stasis   .     (no boots)
MR     .....                    (no amulet)
Stlth  ..........               (no ring)
                                (no ring)

@: flying, not resistant to hostile enchantments, extremely unstealthy
A: high mp 1, sustain attributes
a: no special abilities


You were on level 3 of the Dungeon.
You were not hungry.

You visited 1 branch of the dungeon, and saw 3 of its levels.

You collected 131 gold pieces.

Inventory:

Hand weapons
 a - a +0 rapier
 v - a +0 trident (weapon)
Missiles
 f - 8 javelins of penetration (quivered)
Armour
 b - a +0 scale mail
 c - a +0 shield (worn)
 g - a +0 ring mail
 l - a +2 plate armour of fire resistance (worn)
 p - a +0 chain mail
 s - a +0 helmet (worn)
Scrolls
 k - 2 scrolls of teleportation
 o - a scroll of enchant armour
 r - 2 scrolls of remove curse
 u - a scroll of enchant weapon {unknown}
Potions
 d - a potion of might
 h - 2 potions of flight
 i - a potion of ambrosia {unknown}
 j - a potion of curing {unknown}
 m - 2 potions of cancellation {unknown}
Comestibles
 e - a bread ration
 n - 2 beef jerkies
 t - a meat ration


   Skills:
 + Level 2.9 Fighting
 + Level 2.2 Short Blades
 + Level 3.2 Armour
 + Level 1.5 Dodging
 + Level 0.2 Stealth
 + Level 3.1 Shields


You had 2 spell levels left.
You didn't know any spells.

Dungeon Overview and Level Annotations

Branches:
Dungeon (3/15)

Annotations:
D:3 4thArraOfDagon's ghost, weakling OpBe


Innate Abilities, Weirdness & Mutations

You have an increased reservoir of magic (+10% MP).
Your attributes are resistant to harm.


Message History

You barely miss 4thArraOfDagon's ghost. 4thArraOfDagon's ghost is moderately damaged. 4thArraOfDagon's ghost hits you but does no damage.
The orc priest invokes the aid of Beogh against you.
Something smites you!
Ouch!
That really hurt! 4thArraOfDagon's ghost hits you!
* * * LOW HITPOINT WARNING * * *
An orc comes into view. It is wielding a hand axe of flaming.
Drink which item? (? for menu, Esc to quit)
It was a potion of flight.
You feel very buoyant.
You fly up into the air.
The orc moves out of view.
You block 4thArraOfDagon's ghost's attack.
Read which item? (? for menu, Esc to quit)
As you read the scroll of fog, it crumbles to dust.
The scroll dissolves into smoke.
The orc priest mumbles some strange prayers to Beogh against you.
Pain shoots through your body!
You die...

## .# #.... ..#.#
#.... #.#.# #
#.... #.#.#?# #
#..o.##.#'#'#.#
#....o........#
#.(...§§§§....#
#......o@W....#
#......§§§.?..#
#####'#§§.#+#.#
#.#.###
#############.#.#
..............#.#
###############.#
#.. ...


You could see an orc priest, 4thArraOfDagon's ghost and 2 orcs.

Vanquished Creatures
  3 adders
  A worm (D:2)
  An orc (D:3)
  6 bats (D:1)
  3 giant cockroaches
  8 hobgoblins
  5 kobolds
  A ball python (D:1)
  A giant gecko (D:1)
  3 giant newts
  9 goblins
  A quokka (D:2)
  5 rats
47 creatures vanquished.

Notes
Turn   | Place    | Note
--------------------------------------------------------------
     0 | D:1      | kosy22 the Demigod Fighter began the quest for the Orb.
     0 | D:1      | Reached XP level 1. HP: 18/18 MP: 3/3
   376 | D:1      | Reached XP level 2. HP: 8/25 MP: 4/4
   524 | D:1      | Reached skill level 3 in Armour
  1089 | D:1      | Reached skill level 1 in Dodging
  1311 | D:2      | Reached XP level 3. HP: 28/30 MP: 5/5
  2264 | D:3      | Noticed 4thArraOfDagon's ghost (weakling OpBe)
  2271 | D:3      | Killed from afar by an orc priest

Vault maps used:
D:1:      nicolae_arrival_somewhat_less_tricky_arrival
D:3:      first_bread

Action                   || total
-------------------------++-------
Melee: Rapier            ||   128
       Trident           ||    22
  Use: Scroll            ||     7
       Potion            ||     1
  Eat: Meat ration       ||     1
